 Dungeon Crawl Stone Soup version 0.26.1-11-gd32895ea62 (webtiles) character file.

Game seed: 15751538488282617800

154518 ABBCCCDDDD the Brawler (level 17, -3/170 HPs)
             Began as a Troll Monk on July 5, 2021.
             Was the Champion of Makhleb.
             Killed from afar by a deep elf annihilator (38 damage)
             ... with a poison arrow
             ... on level 2 of the Elven Halls.
             The game lasted 01:21:12 (24013 turns).

ABBCCCDDDD the Brawler (Troll Monk)                Turns: 24013, Time: 01:21:13

Health: -3/170     AC: 14    Str: 28    XL:     17   Next: 6%
Magic:  23/23      EV: 15    Int:  6    God:    Makhleb [******]
Gold:   260        SH:  0    Dex: 12    Spells: 15/16 levels left

rFire    . . .     SeeInvis .     - Unarmed
rCold    . . .     Faith    .   (no shield)
rNeg     . . .     Spirit   .   F - +1 robe {Will+}
rPois    .         Reflect  .   O - +1 hat
rElec    .         Harm     .   s - +1 cloak {rCorr}
rCorr    +         Rampage  .   (gloves unavailable)
Will     ++...                  (boots unavailable)
Stlth    +++.......             I - amulet of regeneration
HPRegen  1.18/turn              K - ring of stealth
MPRegen  0.18/turn              P - +4 ring of protection

@: lethally poisoned (-3 -> -7), studying Unarmed Combat
A: large, unfitting armour, claws 3, regeneration 1, shaggy fur 1, tough skin 3
a: Renounce Religion, Minor Destruction, Lesser Servant of Makhleb, Major
Destruction, Greater Servant of Makhleb


You were on level 2 of the Elven Halls.
You worshipped Makhleb.
Makhleb was exalted by your worship.
You visited 6 branches of the dungeon, and saw 25 of its levels.

You collected 2513 gold pieces.
You spent 2253 gold pieces at shops.

Inventory:

Hand Weapons
 t - the +11 halberd "Ahyenwie" {vorpal, MP+9 Str+6}
   (You found it on level 6 of the Lair of Beasts)

   It inflicts extra damage upon your enemies.
   It affects your strength (+6).
   It affects your magic capacity (+9).
Missiles
 Q - 6 curare-tipped darts (quivered)
 T - 5 silver boomerangs
Armour
 s - a +1 cloak of preservation (worn)
 B - a +0 robe of positive energy
 E - a +1 robe of cold resistance
 F - a +1 robe of willpower (worn)
 G - a +0 troll leather armour
 O - a +1 hat (worn)
Jewellery
 l - an uncursed ring of protection from fire
 I - an amulet of regeneration (around neck)
 J - an uncursed ring of protection from cold
 K - a ring of stealth (left claw)
 P - a +4 ring of protection (right claw)
 S - an uncursed ring of see invisible
Wands
 i - a wand of random effects (16)
 v - a wand of disintegration (15)
 y - a wand of polymorph (11)
 D - a wand of acid (8)
 L - a wand of enslavement (21)
 M - a wand of flame (43)
 R - a wand of digging (20)
Scrolls
 a - 6 scrolls of immolation
 b - a scroll of fog
 c - 11 scrolls of remove curse
 e - 6 scrolls of teleportation
 f - 5 scrolls of enchant armour
 g - 4 scrolls of enchant weapon
 h - 2 scrolls of noise
 j - 3 scrolls of blinking
 o - a scroll of acquirement
 q - 5 scrolls of fear {unknown}
 H - 2 scrolls of identify
 N - a scroll of amnesia
Potions
 d - 4 potions of flight
 k - 2 potions of attraction
 m - 4 potions of ambrosia
 n - a potion of magic
 p - 2 potions of haste
 r - 5 potions of curing
 u - 2 potions of brilliance
 w - 5 potions of heal wounds
 x - 5 potions of resistance
 z - 3 potions of might
 A - 9 potions of mutation {unknown}
 C - 4 potions of invisibility {unknown}
Books
 V - a manual of Unarmed Combat
Miscellaneous
 U - a tin of tremorstones (1/2)


   Skills:
 + Level 11.0 Fighting
 - Level 5.0 Armour
 + Level 10.0 Dodging
 - Level 1.0 Stealth
 - Level 17.5 Unarmed Combat
 + Level 10.2 Invocations
 + Level 9.7 Evocations


You had 15 spell levels left.
You knew the following spells:

 Your Spells              Type           Power        Failure   Level
a - Apportation           Tloc           0%           45%         1

Your spell library contained the following spells:

 Spells                   Type           Power        Failure   Level
 Animate Skeleton         Necr           0%           45%         1
 Corona                   Hex            0%           45%         1
 Freeze                   Ice            0%           45%         1
 Sandblast                Erth           0%           45%         1
 Summon Small Mammal      Summ           0%           45%         1
 Passwall                 Tmut/Erth      0%           58%         2
 Frozen Ramparts          Ice            0%           83%         3
 Ozocubu's Armour         Ice            0%           83%         3
 Stone Arrow              Conj/Erth      0%           83%         3
 Hailstorm                Conj/Ice       0%           99%         4
 Petrify                  Tmut/Erth      0%           99%         4
 Summon Ice Beast         Ice/Summ       0%           99%         4
 Lee's Rapid Deconstruct  Erth           0%           100%        5


Dungeon Overview and Level Annotations

Branches:
Dungeon (13/15)            Temple (0/1) D:5            Lair (6/6) D:11
  Swamp (1/4) Lair:3        Snake (1/4) Lair:4        Slime (0/5) Lair:6
    Orc (2/2) D:11            Elf (2/3) Orc:2
 Vaults: D:13-14

Altars:
Dithmenos
Elyvilon
Fedhas
Makhleb
Okawaru
Trog
Vehumet
Xom
Zin
The Shining One

Shops:
D:4 :   D:5 (   Orc:2 *:!(

Annotations:
D:9 1 runed translucent door
D:10 exclusion: downstairs, Erolcha
D:11 Urug
Lair:1 exclusion: downstairs
Lair:2 exclusion: downstairs
Lair:3 Rupert
Lair:6 Snorg
Swamp:1 3 runed translucent doors


Innate Abilities, Weirdness & Mutations

You are too large for most types of armour.
You have claws for hands.
Your natural rate of healing is unusually fast.
You are covered in fur. (AC +1)
You have extremely tough skin. (AC +3)


Message History

Press: ? - help, Shift-Dir - straight line, f - deep elf annihilator
Aim: a deep elf annihilator, wielding a +0 rapier (black smoke, 36% to evade)
The bolt of acid hits the deep elf mage!!
The deep elf mage is splashed with acid.
The acid corrodes the deep elf mage!
You kill the deep elf mage!
Makhleb accepts your kill.
You feel better.
The bolt of acid hits the deep elf annihilator!
The deep elf annihilator is splashed with acid.
The deep elf annihilator is moderately wounded.
The deep elf annihilator casts a spell at you.
The iron shot hits you!!!
* * * LOW HITPOINT WARNING * * *
Your Dodging skill increases to level 10!
You feel much better.
The deep elf annihilator casts a spell at you.
The poison arrow hits you!!!
You are poisoned.
You die...

.########
.eee.§.e#####
#§##).# #@#
#.# #)# #)#
#)###.## #
#......# ##.
#.###..##
#.!. ...#
##..+ ##....
###.# #.##
##...# #.#
#.# ##...#
#.# #.##
#...# ##


You could see a deep elf annihilator.

Vanquished Creatures
  Frances (D:12)
  2 deep elf sorcerers
  A deep elf annihilator (Elf:1)
  Josephine (D:11)
  Fannar (Orc:1)
  A deep elf high priest (Elf:1)
  10 hydras
  A centaur warrior (D:13)
  4 boulder beetles
  A catoblepas (Lair:3)
  4 ogre magi (Orc:2)
  2 alligators (Swamp:1)
  20 two-headed ogres
  6 dancing weapons
  3 death yaks
  11 deep elf knights
  The ghost of TheAlmogaver the Thaumaturge, a novice GnWz of Yredelemnul (D:7)
  3 unseen horrors
  9 deep elf archers
  A goliath frog (Lair:3)
  A bog body (Lair:3)
  A naga ritualist (Snake:1)
  The ghost of PanSaczeczos the Covert, a novice KoBe of Trog (D:5)
  An orc knight (Orc:2)
  4 ugly things
  41 deep elf magi
  2 mana vipers (Lair:4)
  An orc sorcerer (Orc:2)
  2 will-o-the-wisps (Swamp:1)
  4 elephants
  7 black mambas
  Maurice (Orc:2)
  3 gargoyles (D:12)
  A torpor snail (Lair:3)
  6 cane toads
  2 rime drakes (Lair:3)
  3 kobold demonologists
  6 komodo dragons
  A rime drake (shapeshifter) (D:12)
  A tengu conjurer (D:13)
  7 trolls
  10 polar bears
  16 blink frogs
  Prince Ribbit (D:6)
  5 hornets
  4 slime creatures
  Grinder (D:6)
  7 wraiths
  2 air elementals (Elf:1)
  12 spriggans (Lair:6)
  2 water elementals (Elf:1)
  3 shadows
  2 wyverns (Lair:3)
  28 yaks
  Eustachio (D:6)
  3 fire bats (Lair:2)
  3 basilisks
  2 fire elementals
  A basilisk (shapeshifter) (D:13)
  Edmund (D:6)
  2 nagas (Snake:1)
  Menkaure (D:7)
  Duvessa (D:6)
  An acid dragon (D:11)
  2 swamp worms (Lair:3)
  13 water moccasins
  5 ice beasts
  6 phantoms
  22 orc warriors
  2 sky beasts
  3 black bears
  A necrophage (D:10)
  24 wolves
  5 boggarts (Lair:6)
  29 ogres
  2 centaurs
  9 bullfrogs
  19 big kobolds
  Dowan (D:6)
  A wyvern skeleton (D:13)
  A water moccasin zombie (D:10)
  6 scorpions
  22 killer bees
  2 electric eels
  5 bullfrog zombies
  5 howler monkeys
  2 quasits
  6 centaur zombies
  6 hounds
  7 jellies
  8 bullfrog skeletons
  14 orc priests
  Crazy Yiuf (D:6)
  4 centaur skeletons
  19 orc wizards
  Ijyb (D:4)
  14 worker ants
  A hound skeleton (D:8)
  A howler monkey zombie (D:6)
  A worker ant zombie (D:5)
  Robin (D:4)
  4 gnolls
  12 adders
  2 shadow imps
  2 white imps
  An ufetubus (D:10)
  4 oozes
  2 adder skeletons
  2 adder zombies
  A worm (D:2)
  3 dart slugs (D:1)
  6 leopard geckos
  76 orcs
  8 giant cockroaches
  10 hobgoblins
  16 jackals
  3 quokkas
  A ball python (D:5)
  4 bats
  5 frilled lizards
  A giant cockroach zombie (D:5)
  17 goblins
  28 kobolds
  2 leopard gecko zombies (D:5)
  4 quokka zombies
  5 rats
778 creatures vanquished.

Vanquished Creatures (others)
  A deep elf mage (Elf:1)
  A worker ant (D:13)
  An orc (D:11)
  8 foxfires (Swamp:1)
  15 fungi
  22 plants
  4 withered plants (D:5)
52 creatures vanquished.

Grand Total: 830 creatures vanquished

Notes
Turn   | Place    | Note
-------+----------+-------------------------------------------
     0 | D:1      | ABBCCCDDDD the Troll Monk began the quest for the Orb.
     0 | D:1      | Reached XP level 1. HP: 22/22 MP: 0/0
    61 | D:1      | Reached XP level 2. HP: 28/29 MP: 1/1
   215 | D:1      | Reached skill level 4 in Unarmed Combat
   305 | D:1      | Reached XP level 3. HP: 36/36 MP: 2/2
   717 | D:2      | Found a burning altar of Makhleb.
   723 | D:2      | Became a worshipper of Makhleb the Destroyer
   723 | D:2      | Reached * piety under Makhleb
   723 | D:2      | Reached ** piety under Makhleb
   941 | D:2      | Reached XP level 4. HP: 44/44 MP: 3/3
  1049 | D:2      | Reached skill level 5 in Unarmed Combat
  1557 | D:3      | Found a shadowy altar of Dithmenos.
  1610 | D:3      | Reached XP level 5. HP: 30/50 MP: 4/4
  1865 | D:3      | Learned a level 1 spell: Apportation
  1924 | D:3      | Reached skill level 6 in Unarmed Combat
  2402 | D:4      | Reached *** piety under Makhleb
  2403 | D:4      | Reached XP level 6. HP: 55/59 MP: 5/5
  2480 | D:4      | Found Docvih's Book Shoppe.
  2491 | D:4      | Reached skill level 7 in Unarmed Combat
  2516 | D:4      | Noticed Robin
  2751 | D:4      | Killed Robin
  2976 | D:4      | Noticed Ijyb
  3246 | D:4      | Killed Ijyb
  3391 | D:4      | Found a radiant altar of Vehumet.
  3391 | D:4      | Found a blossoming altar of Fedhas.
  3472 | D:5      | Entered Level 5 of the Dungeon
  3481 | D:5      | Reached XP level 7. HP: 67/67 MP: 6/6
  3596 | D:5      | Reached skill level 8 in Unarmed Combat
  3781 | D:5      | Found a staircase to the Ecumenical Temple.
  3885 | D:5      | Reached **** piety under Makhleb
  3906 | D:5      | Reached skill level 9 in Unarmed Combat
  3906 | D:5      | Reached XP level 8. HP: 76/78 MP: 7/7
  4165 | D:5      | Found Eseh's Antique Weapon Shoppe.
  4227 | D:6      | Noticed Dowan
  4451 | D:6      | Found a runed translucent gate.
  4451 | D:6      | Found a runed translucent gate.
  4451 | D:6      | Found a runed translucent gate.
  4452 | D:6      | Noticed a kobold demonologist
  4452 | D:6      | Noticed PanSaczeczos's ghost (novice KoBe)
  4453 | D:6      | Noticed Blork the orc
  4458 | D:6      | Noticed Blork
  4458 | D:6      | Blork the orc changed into Blork the blink frog
  4465 | D:6      | Killed Blork the blink frog
  4481 | D:6      | Noticed Duvessa
  4507 | D:6      | Killed Duvessa
  4508 | D:6      | Reached skill level 10 in Unarmed Combat
  4516 | D:6      | Killed Dowan
  4517 | D:6      | Reached skill level 5 in Fighting
  4763 | D:6      | Reached XP level 9. HP: 85/88 MP: 8/8
  4784 | D:6      | Found a shimmering altar of Xom.
  4829 | D:6      | Noticed Grinder
  4834 | D:6      | Paralysed by Grinder for 5 turns
  4963 | D:6      | Noticed Prince Ribbit
  4967 | D:6      | Noticed Eustachio
  4981 | D:6      | Killed Prince Ribbit
  4982 | D:6      | Reached skill level 11 in Unarmed Combat
  4989 | D:6      | Killed Eustachio
  5074 | D:6      | Noticed Edmund
  5081 | D:6      | Killed Edmund
  5091 | D:6      | Found a shimmering altar of Xom.
  5095 | D:6      | Found a bloodstained altar of Trog.
  5095 | D:6      | Found an ancient bone altar of Kikubaaqudgha.
  5099 | D:6      | Found a bloodstained altar of Trog.
  5099 | D:6      | Found a glowing silver altar of Zin.
  5099 | D:6      | Found a white marble altar of Elyvilon.
  5150 | D:6      | Killed Grinder
  5325 | D:6      | Found a runed translucent door.
  5326 | D:6      | Noticed Crazy Yiuf
  5336 | D:6      | Killed Crazy Yiuf
  5652 | D:7      | Noticed Menkaure
  5670 | D:7      | Killed Menkaure
  5683 | D:7      | Found a burning altar of Makhleb.
  5707 | D:7      | Found a glowing golden altar of the Shining One.
  5759 | D:7      | Noticed a cacodemon
  5763 | D:7      | Noticed an orange demon
  5947 | D:8      | Noticed a two-headed ogre
  5950 | D:8      | Reached skill level 12 in Unarmed Combat
  5964 | D:8      | Killed a two-headed ogre
  5965 | D:8      | Reached XP level 10. HP: 66/100 MP: 9/9
  6080 | D:8      | Reached ***** piety under Makhleb
  6304 | D:8      | Found a runed translucent gate.
  6304 | D:8      | Found a runed translucent gate.
  6304 | D:8      | Found a runed translucent gate.
  6304 | D:8      | Identified the +9 short sword of Mozxax {chaos, +Blink
                  | Dex+6 Stlth-}
  6306 | D:8      | Noticed TheAlmogaver's ghost (novice GnWz)
  6730 | D:9      | Found a flagged portal.
  6774 | D:9      | Noticed a two-headed ogre
  6790 | D:9      | Killed a two-headed ogre
  6793 | D:9      | Reached skill level 13 in Unarmed Combat
  7065 | D:9      | Found a runed translucent door.
  7067 | D:9      | Found a runed translucent door.
  7248 | D:9      | Found an iron altar of Okawaru.
  7476 | D:10     | Entered Level 10 of the Dungeon
  7657 | D:10     | Killed an unseen horror
  7938 | D:10     | Reached skill level 14 in Unarmed Combat
  7953 | D:10     | Reached XP level 11. HP: 111/111 MP: 10/10
  8285 | D:11     | Noticed Urug
  8329 | D:11     | Found a staircase to the Lair.
  8357 | D:11     | Noticed a two-headed ogre
  8357 | D:11     | Noticed a green ugly thing
  8358 | D:11     | Found a staircase to the Orcish Mines.
  8382 | D:10     | Killed a two-headed ogre
  8437 | D:10     | Killed a green ugly thing
  8844 | D:11     | Noticed Erolcha
  9104 | D:11     | Noticed a sun demon
  9363 | D:11     | Noticed a two-headed ogre
  9374 | D:11     | Killed a two-headed ogre
  9861 | D:6      | Noticed a sixfirhy
  9874 | D:5      | Reached skill level 15 in Unarmed Combat
 10018 | D:5      | Killed PanSaczeczos's ghost
 10206 | D:7      | Reached ****** piety under Makhleb
 10217 | D:7      | Killed TheAlmogaver's ghost
 10483 | Lair:1   | Entered Level 1 of the Lair of Beasts
 11238 | Lair:1   | Noticed an eight-headed hydra
 11280 | Lair:2   | Noticed an eight-headed hydra
 11446 | Lair:3   | Noticed a boulder beetle
 11463 | Lair:3   | Killed a boulder beetle
 11464 | Lair:3   | Reached skill level 1 in Evocations
 11508 | Lair:3   | Reached XP level 12. HP: 124/124 MP: 11/11
 11750 | Lair:3   | Reached skill level 16 in Unarmed Combat
 11810 | Lair:3   | Noticed an eight-headed hydra
 11926 | Lair:2   | Killed an eight-headed hydra
 12567 | Lair:3   | Reached skill level 1 in Invocations
 12610 | Lair:3   | Noticed Rupert
 12869 | Lair:3   | Noticed an eight-headed hydra
 12964 | Lair:3   | Killed an eight-headed hydra
 13109 | Lair:3   | Killed an eight-headed hydra
 13114 | Lair:3   | Reached skill level 5 in Evocations
 13154 | Lair:3   | Noticed a boulder beetle
 13182 | Lair:3   | Killed a boulder beetle
 13194 | Lair:3   | Noticed a seven-headed hydra
 13267 | Lair:4   | Reached XP level 13. HP: 131/131 MP: 14/14
 13877 | Lair:3   | Reached skill level 5 in Dodging
 14012 | Lair:3   | Found a staircase to the Swamp.
 14018 | Lair:3   | HP: 7/196 [swamp worm (12)]
 14368 | Lair:4   | Reached skill level 5 in Invocations
 15241 | Lair:4   | Found a staircase to the Snake Pit.
 15399 | Lair:4   | You fall into a shaft and drop 2 floors!
 15399 | Lair:6   | Entered Level 6 of the Lair of Beasts
 15446 | Lair:6   | Found a staircase to the Slime Pits.
 17060 | Lair:6   | Reached skill level 17 in Unarmed Combat
 17208 | Lair:6   | Reached XP level 14. HP: 132/140 MP: 16/18
 17519 | Lair:6   | Got an ancient halberd
 17634 | Lair:6   | Noticed Snorg
 17792 | Orc:1    | Entered Level 1 of the Orcish Mines
 17797 | Orc:1    | Noticed Josephine
 17830 | D:11     | Killed Josephine
 17891 | Orc:1    | Noticed Fannar
 17919 | Orc:1    | Killed Fannar
 18305 | Orc:2    | Entered Level 2 of the Orcish Mines
 18936 | Orc:2    | Noticed Maurice
 18949 | Orc:2    | Killed Maurice
 19020 | Orc:2    | Found a staircase to the Elven Halls.
 19296 | Orc:2    | Found Fiuptufi's Book Emporium.
 19297 | Orc:2    | Found Xas Wamm's Weapon Shop.
 19297 | Orc:2    | Found Xojerick's Distillery.
 19297 | Orc:2    | Found Dabuystr Porgh's General Store.
 19316 | Orc:2    | Bought a potion of curing for 36 gold pieces
 19316 | Orc:2    | Bought a potion of experience for 600 gold pieces
 19316 | Orc:2    | Bought a potion of curing for 36 gold pieces
 19316 | Orc:2    | Bought a scroll of teleportation for 36 gold pieces
 19316 | Orc:2    | Reached XP level 15. HP: 148/148 MP: 20/20
 19762 | D:12     | Noticed Frances
 20062 | D:12     | Reached XP level 16. HP: 156/156 MP: 21/21
 20235 | D:13     | Reached skill level 5 in Armour
 20588 | D:12     | Killed Frances
 20775 | Swamp:1  | Entered Level 1 of the Swamp
 20775 | Swamp:1  | Found a runed translucent gate.
 20775 | Swamp:1  | Found a runed translucent gate.
 20775 | Swamp:1  | Found a runed translucent gate.
 20981 | Swamp:1  | Reached skill level 10 in Fighting
 21235 | D:4      | Bought a manual of Unarmed Combat for 1545 gold pieces
 21486 | Snake:1  | Entered Level 1 of the Snake Pit
 22058 | Elf:1    | Entered Level 1 of the Elven Halls
 22201 | Elf:1    | Identified the +11 halberd "Ahyenwie" {vorpal, MP+9 Str+6}
                  | (You found it on level 6 of the Lair of Beasts)
 23726 | Elf:1    | Identified a scroll of acquirement
 23744 | Elf:2    | Reached skill level 10 in Invocations
 23978 | Elf:2    | Reached XP level 17. HP: 144/169 MP: 23/23
 24012 | Elf:2    | HP: 3/170 [deep elf annihilator/iron shot (68)]
 24013 | Elf:2    | Reached skill level 10 in Dodging
 24013 | Elf:2    | Killed from afar by a deep elf annihilator

Illustrated notes

Levels and vault maps discovered:
D:1:      mrwooster_arrival_statue_2, layout_rooms, minmay_heptomino_w4
D:2:      layout_basic, nicolae_overflow_crystal_walls
D:3:      layout_loops_ring, nicolae_dithmenos_through_a_glass_darkly
D:4:      layout_cave_pools, gammafunk_temple_overflow_statue, serial_shops,
          nicolae_shop_stone, uniq_ijyb, uniq_robin
D:5:      layout_basic, minmay_temple_entry_tees, serial_undead,
          serial_undead_c, serial_undead_d, serial_undead_f, serial_undead_f,
          serial_undead_a, serial_undead_c, serial_shops, shop
D:6:      cheibrodos_quashed, layout_cave_pools, old_standard_altar,
          serial_column_ruins, column_ruins_pillar_2, column_ruins_pillar_3,
          column_ruins_pillar_2, column_ruins_pillar_6,
          gammafunk_ghost_nasty_kobolds, doesnt_xom_only_xom, uniq_eustachio,
          uniq_duvessa, uniq_crazy_yiuf_cottage, uniq_edmund,
          uniq_blork_the_orc, uniq_grinder, uniq_prince_ribbit1
D:7:      layout_basic, lemuel_doored_altar, makhleb_altar_promises_db,
          uniq_menkaure
D:8:      layout_loops_ring, gammafunk_ghost_nasty_kobolds
D:9:      lemuel_insect_pit, layout_long_grid, kennysheep_okawaru_gauntlet,
          enter_bailey_5
D:10:     layout_basic, chequers_serial_rivers_micro_c
D:11:     layout_gridville, lair_entry_dummy, erik_orc_4,
          kennysheep_generic_room_6, uniq_urug, uniq_erolcha
D:12:     layout_rooms, special_room [special_room_orc], st_stairs_13,
          uniq_frances
D:13:     layout_cave_pools, grunt_vaults_entry_tiered, grunt_ministairs_3,
          minmay_fractal_squares_gapless_5
Lair:1:   layout_layer_cave
Lair:2:   layout_gridlike
Lair:3:   layout_hall_layers, nicolae_swamp_entry_splash_gauntlet,
          minmay_shattered_shrine, uniq_rupert
Lair:4:   layout_cave_pods, dummy_snake_entry, grunt_megastairs_1
Lair:5:   layout_gridlike
Lair:6:   minmay_lair_end_enchanted_forest, layout_cave_pods,
          minmay_slime_entry_pillars, minivault_25, minivault_24,
          grunt_forest_small_clearings, uniq_snorg
Swamp:1:  layout_basic_swamp, gammafunk_ghost_necromancy,
          evilmike_swamp_ruin_house_2, swamp_pool4, grunt_witch_cave
Snake:1:  nicolae_snake_hallway, layout_layer_cave, serial_shops, shop,
          lemuel_fruit_tree, uniq_roxanne
Orc:1:    layout_caves, uniq_josephine, uniq_fannar
Orc:2:    st_orc_ogre_mass, layout_diamond_mine, uniq_maurice
Elf:1:    eino_elf_arrival_the_gate, layout_geoelf_diagonals,
          kennysheep_underground_church, serial_sigils_hangedman_snap
Elf:2:    layout_gridlike, serial_shops, bzr_entry_customers, eino_tiny_chamber,
          hangedman_glass_teeth, grunt_megastairs_5

Skill      XL: |  1  2  3  4  5  6  7  8  9 10 11 12 13 14 15 16 17 |
---------------+----------------------------------------------------+-----
Unarmed Combat | 4 5 6 7 9 10 12 14 15 16 17 | 17.5
Fighting       | 3 4 5 6 8 9 10 11 | 11.0
Evocations     | 1 5 6 8 9 |  9.7
Invocations    | 3 6 8 10 | 10.2
Dodging        | 4 7 8 9 10 | 10.0
Armour         | 4 5 |  5.0
Stealth        | |  1.0

Action                   |  1- 3 |  4- 6 |  7- 9 | 10-12 | 13-15 | 16-18 || total
-------------------------+-------+-------+-------+-------+-------+-------++-------
Melee: Unarmed           |   105 |   218 |   248 |   655 |   714 |   499 ||  2439
       Punch             |     4 |    10 |     5 |    60 |    80 |    41 ||   200
Throw: Boomerang         |       |       |       |     8 |    41 |       ||    49
       Dart              |       |       |       |       |       |     4 ||     4
Invok: Lesser Servant of |       |       |       |       |       |     2 ||     2
Evoke: Wand              |       |       |    14 |    19 |    35 |    10 ||    78
       Tin of tremorston |       |       |       |       |       |     1 ||     1
  Use: Scroll            |       |     7 |     2 |     7 |    10 |     6 ||    32
       Potion            |       |       |       |     2 |     3 |     1 ||     6
 Stab: Sleeping          |     1 |     7 |     3 |     7 |     4 |     1 ||    23
       Invisible         |       |       |       |     1 |       |       ||     1
       Distracted        |       |       |       |       |       |     3 ||     3
Armor: Robe              |    36 |    68 |       |       |       |    66 ||   170
       Animal skin       |       |     8 |    67 |   252 |   161 |       ||   488
       Troll leather arm |       |       |       |       |    59 |    70 ||   129
Dodge: Dodged            |    43 |    96 |    71 |   275 |   382 |   241 ||  1108
